[Event "Bruges Masters 2019"]
[Site "Bruges"]
[Date "2019.08.11"]
[Round "2.9"]
[White "Dgebuadze, Alexandre"]
[Black "Todts, Benny"]
[Result "1/2-1/2"]
[ECO "C00"]
[WhiteElo "2495"]
[BlackElo "1932"]
[Annotator "ChessBase"]
[PlyCount "191"]
[EventDate "2019.08.11"]
[EventType "swiss"]
[EventCountry "BEL"]
[SourceTitle "playchess.com"]
[Source "ChessBase"]
[SourceQuality "1"]
[TimeControl "5400+30"]

1. e4 e6 2. d3 d5 3. Qe2 dxe4 4. dxe4 Nc6 5. c3 Nf6 6. e5 Nd5 7. Nf3 Bc5 8. Nbd2 O-O 9. Ne4 Be7 10. Bd2 f6 11. exf6 Bxf6 12. g3 e5 13. Bg2 Bg4 14. Qc4 Kh8 15. O-O-O Nb6 16. Qb3 Qe8 17. h3 Be6 18. Qc2 Qg6 19. Rhe1 Be7 20. Bg5 Bxh3 21. Bxh3 Rxf3 22. Bxe7 Nxe7 23. Bg2 Rf7 24. Rh1 Raf8 25. Rh2 Nc4 26. Bf1 Ne3 27. fxe3 Rxf1 28. Qd3 Rxd1+ 29. Kxd1 Nf5 30. Rf2 Re8 31. Nd2 Qg4+ 32. Kc1 Nxg3 33. e4 Nh5 34. Qb5 Rd8 35. Qd5 Qg5 36. Rf5 Qe7 37. Qxe5 Qxe5 38. Rxe5 Nf6 39. Rf5 Kg8 40. Kc2 Kf7 41. e5 Ke6 42. Rf2 Kxe5 43. Nf3+ Ke4 44. Nd4 c5 45. Ne6 Rd6 46. Nxg7 c4 47. Nf5 Rd3 48. Ng3+ Ke5 49. Nf1 Ng4 50. Rf7 h5 51. b3 Ne3+ 52. Nxe3 Rxe3 53. bxc4 h4 54. Rxb7 h3 55. Rh7 Rg3 56. c5 Kd5 57. Kb3 Kxc5 58. Rxa7 h2 59. Rh7 Rg2 60. a4 Rd2 61. Rh6 Re2 62. a5 Kb5 63. a6 h1=Q 64. Rxh1 Kxa6 65. Kc4 Kb6 66. Rh6+ Kc7 67. Kd5 Rg2 68. Rh5 Kb6 69. Rh6+ Kc7 70. Re6 Rg5+ 71. Kc4 Rg4+ 72. Kb5 Rg5+ 73. Kb4 Rg1 74. Rh6 Rg5 75. Ra6 Kb7 76. Rf6 Rh5 77. c4 Kc7 78. Rf4 Kb7 79. c5 Rh1 80. Kb5 Rb1+ 81. Kc4 Rc1+ 82. Kd5 Rd1+ 83. Rd4 Rxd4+ 84. Kxd4 Kc6 85. Kc4 Kc7 86. Kd5 Kd7 87. c6+ Kc7 88. Kc5 Kc8 89. Kd6 Kd8 90. Ke6 Kc7 91. Kd5 Kc8 92. Kc5 Kc7 93. Kb5 Kc8 94. Kb6 Kb8 95. c7+ Kc8 96. Kc6 1/2-1/2

[Event "Bruges Masters 2019"]
[Site "Bruges"]
[Date "2019.08.11"]
[Round "2.10"]
[White "Leenhouts, Koen"]
[Black "Goossens, Hanne"]
[Result "1-0"]
[ECO "E81"]
[WhiteElo "2426"]
[BlackElo "2134"]
[Annotator "NA"]
[PlyCount "45"]
[EventDate "2019.08.11"]
[EventType "swiss"]
[EventCountry "BEL"]
[SourceTitle "playchess.com"]
[Source "ChessBase"]
[SourceQuality "1"]
[TimeControl "5400+30"]

1. d4 Nf6 2. c4 g6 3. Nc3 Bg7 4. e4 d6 5. f3 O-O 6. Bg5 c5 7. d5 Qb6 8. Qd2 e6 9. O-O-O Re8 10. h4 Nh5 {[%emt 0:12:07] [#]} (10... exd5 $16 11. Bxf6 (11. exd5 Nbd7 $14) 11... Bxf6) 11. Nge2 $1 f5 $18 (11... Nd7 $142 12. dxe6 fxe6) 12. g4 Nf6 13. dxe6 fxg4 14. Nd5 Nxd5 15. exd5 gxf3 16. Nc3 Nc6 17. h5 Ne5 18. hxg6 hxg6 19. Qh2 Bxe6 20. Qh7+ Kf8 21. dxe6 Rxe6 22. Bh6 Qc7 23. Qh8+ 1-0

[Event "Bruges Masters 2019"]
[Site "Bruges"]
[Date "2019.08.11"]
[Round "2.11"]
[White "Quesada Vera, Liordis"]
[Black "Keuning, Selwin"]
[Result "1/2-1/2"]
[ECO "A37"]
[WhiteElo "2386"]
[BlackElo "2078"]
[Annotator "NA"]
[PlyCount "206"]
[EventDate "2019.08.11"]
[EventType "swiss"]
[EventCountry "BEL"]
[SourceTitle "playchess.com"]
[Source "ChessBase"]
[SourceQuality "1"]
[TimeControl "5400+30"]

1. Nf3 c5 2. c4 Nc6 3. g3 g6 4. Bg2 Bg7 5. Nc3 e6 6. d4 Nxd4 7. Nxd4 cxd4 8. Nb5 Qb6 9. Qa4 a6 10. e3 d3 $11 11. O-O Ne7 12. Nd4 O-O 13. Rd1 d5 14. Qa3 Re8 15. cxd5 Nxd5 16. Rxd3 Bd7 17. Bd2 Rac8 18. Rd1 Bf8 19. Qb3 Qxb3 20. axb3 b6 21. Bxd5 exd5 22. Bc3 b5 23. b4 Be6 24. Ra1 Ra8 25. Ra5 Rec8 26. Rd1 Rc4 27. Rda1 Bxb4 28. Bxb4 Rxb4 29. b3 Rc8 30. Rxa6 Rc3 31. Kf1 Bg4 32. Ke1 Rd3 33. R6a2 Rdxd4 34. exd4 Rxd4 35. Rd2 Re4+ 36. Kf1 d4 37. Kg2 Be6 38. Ra8+ Kg7 39. Rd8 Bxb3 40. R8xd4 Rxd4 41. Rxd4 Bc4 42. Kf3 Kf6 43. Ke3 h5 44. Re4 Bd5 45. Rb4 Bc4 46. Kd4 Kf5 47. f3 h4 48. Rb1 hxg3 49. hxg3 Be2 50. Rb3 Bc4 51. Re3 Be6 52. Re5+ Kf6 53. Rxb5 Ba2 54. g4 Be6 55. g5+ Kg7 56. Rb6 Ba2 57. f4 Kg8 58. Rb2 Be6 59. Re2 Bb3 60. Ke5 Kg7 61. Rd2 Be6 62. Rc2 Bb3 63. Rc6 Ba2 64. Kd4 Kg8 65. Rd6 Kg7 66. Rb6 Kg8 67. Rb2 Be6 68. Ke5 Kg7 69. Rb6 Ba2 70. f5 gxf5 71. Kxf5 Be6+ 72. Kf4 Kg6 73. Rd6 Kh5 74. Rd8 Kg6 75. Rd2 Kg7 76. Ke5 Kg6 77. Rg2 Bb3 78. Rb2 Be6 79. Kf4 Kg7 80. Kg3 Bd5 81. Rf2 Bb3 82. Kh4 Kg6 83. Rf6+ Kg7 84. Rd6 Bc4 85. Kg4 Be2+ 86. Kf5 Bc4 87. g6 Be6+ 88. Kg5 f6+ 89. Kf4 Bb3 90. Kf5 Bc2+ 91. Ke6 Bxg6 92. Rd7+ Kh8 93. Kxf6 Bh7 94. Rg7 Bc2 95. Rg3 Bb1 96. Rg2 Bd3 97. Rd2 Be4 98. Kf7 Bb1 99. Rb2 Bd3 100. Rb8+ Kh7 101. Rb4 Kh8 102. Rh4+ Bh7 103. Rxh7+ Kxh7 1/2-1/2

[Event "Bruges Masters 2019"]
[Site "Bruges"]
[Date "2019.08.11"]
[Round "2.12"]
[White "Clijsen, Mark"]
[Black "Jonkman, Harmen"]
[Result "1/2-1/2"]
[ECO "D00"]
[WhiteElo "2171"]
[BlackElo "2394"]
[Annotator "NA"]
[PlyCount "84"]
[EventDate "2019.08.11"]
[EventType "swiss"]
[EventCountry "BEL"]
[SourceTitle "playchess.com"]
[Source "ChessBase"]
[SourceQuality "1"]
[TimeControl "5400+30"]

1. d4 d5 2. Bg5 c5 3. dxc5 f6 4. Bd2 a5 5. Nc3 e5 6. e4 d4 $18 7. Na4 Be6 8. c3 Ne7 9. cxd4 exd4 10. Bb5+ Nec6 11. Nf3 Be7 12. O-O O-O 13. Bf4 f5 14. exf5 Rxf5 15. Bxb8 Rxb8 16. Bxc6 bxc6 17. Nxd4 Rd5 18. Nxe6 Rxd1 19. Nxd8 Rdxd8 20. Rad1 Kf7 21. b3 h5 22. g3 Bf6 23. Nb6 Rd4 24. Rxd4 Bxd4 25. Rd1 Bxc5 26. Nd7 Rb5 27. a4 Bxf2+ 28. Kxf2 Rxb3 29. Ne5+ Ke6 30. Nxc6 Rb2+ 31. Kf3 Rxh2 32. Ra1 h4 33. gxh4 Rxh4 34. Nxa5 Kd5 35. Nb7 Kc6 36. Nd8+ Kb6 37. a5+ Ka6 38. Ne6 Rc4 39. Ke3 Rc6 40. Nxg7 Rc5 41. Ke4 Rxa5 42. Rxa5+ Kxa5 1/2-1/2

[Event "Bruges Masters 2019"]
[Site "Bruges"]
[Date "2019.08.12"]
[Round "3.4"]
[White "De Jong, Migchiel"]
[Black "Cornelisse, John"]
[Result "0-1"]
[ECO "A13"]
[WhiteElo "2345"]
[BlackElo "2180"]
[Annotator "ChessBase"]
[PlyCount "130"]
[EventDate "2019.08.11"]
[EventType "swiss"]
[EventCountry "BEL"]
[SourceTitle "playchess.com"]
[Source "ChessBase"]
[SourceQuality "1"]
[TimeControl "5400+30"]

1. Nf3 Nf6 2. c4 e6 3. g3 d5 4. Bg2 dxc4 5. Qa4+ Bd7 6. Qxc4 c5 7. Ne5 Qc8 8. Nxd7 Qxd7 9. d3 Nc6 10. Nd2 Rc8 11. Nf3 Be7 12. O-O O-O 13. Bd2 Nd5 14. Rfc1 Bf6 15. Rab1 h6 16. Qg4 Ne5 17. Nxe5 Bxe5 18. a3 Nf6 19. Qf3 Nd5 20. Rc2 b6 21. Rbc1 Ne7 22. Qb7 Rc7 23. Qe4 Bd6 24. b4 Nd5 25. Qg4 Nf6 26. Qf3 Rfc8 27. d4 cxd4 28. Rxc7 Rxc7 29. Bxh6 gxh6 30. Rxc7 Qxc7 31. Qxf6 Bf8 32. Qxd4 Qc1+ 33. Bf1 Qxa3 34. b5 Qc5 35. Qg4+ Qg5 36. Qa4 Qe7 37. e3 Qa3 38. Qg4+ Bg7 39. Qe4 Qa1 40. Kg2 Qa2 41. Bc4 Qa1 42. Qa8+ Bf8 43. Qe4 Bg7 44. Bd3 Qa2 45. Qa8+ Bf8 46. Be4 Kg7 47. Qb8 Qb2 48. Bc6 Bc5 49. Qf4 Qf6 50. Qg4+ Kf8 51. h4 Qb2 52. Qf3 Kg7 53. g4 Be7 54. Qg3 Qf6 55. Kh3 Bc5 56. Be4 Qd8 57. g5 hxg5 58. hxg5 Bd6 59. Qg4 Qh8+ 60. Kg2 Qh2+ 61. Kf1 Qe5 62. Bd3 Qd5 63. Ke2 Qa2+ 64. Kf3 Qd5+ 65. Be4 Qd1+ 0-1

[Event "Bruges Masters 2019"]
[Site "Bruges"]
[Date "2019.08.12"]
[Round "3.5"]
[White "Goudriaan, Etienne"]
[Black "Du, Chunhui"]
[Result "0-1"]
[ECO "A19"]
[WhiteElo "2341"]
[BlackElo "2137"]
[Annotator "ChessBase"]
[PlyCount "90"]
[EventDate "2019.08.11"]
[EventType "swiss"]
[EventCountry "BEL"]
[SourceTitle "playchess.com"]
[Source "ChessBase"]
[SourceQuality "1"]
[TimeControl "5400+30"]

1. c4 Nf6 2. Nc3 e6 3. e4 c5 4. g3 Nc6 5. Bg2 d5 6. cxd5 exd5 7. exd5 Nb4 8. Nge2 Bf5 9. Qa4+ Bd7 10. Qb3 c4 11. Qxc4 Nc2+ 12. Kd1 Nxa1 13. Re1 Qb6 14. d4 Bd6 15. Qd3 O-O 16. Qb1 Rfe8 17. Qxa1 Bb4 18. Be3 Ng4 19. a3 Rxe3 20. axb4 Nxf2+ 21. Kd2 Rae8 22. Rf1 Nd3 23. Be4 R3xe4 24. Nxe4 Rxe4 25. Kxd3 Qg6 26. Kd2 Bb5 27. Rf2 Rxe2+ 28. Rxe2 Qd3+ 29. Kc1 Qxe2 30. Qxa7 h6 31. Qxb7 Bd3 32. Qc8+ Kh7 33. Qc3 Bb5 34. d6 Kg6 35. b3 Qxh2 36. Qe3 Qh1+ 37. Kb2 Qd5 38. Qf4 f6 39. Kc3 Kf7 40. Qg4 h5 41. Qh3 Qf3+ 42. Kb2 Qg4 43. Qh1 Qxd4+ 44. Ka3 Kg6 45. Qb7 Qa1# 0-1

[Event "Bruges Masters 2019"]
[Site "Bruges"]
[Date "2019.08.12"]
[Round "3.6"]
[White "Li, Zhenyu"]
[Black "Offringa, Joost"]
[Result "1-0"]
[ECO "A80"]
[WhiteElo "2129"]
[BlackElo "2291"]
[Annotator "NA"]
[PlyCount "49"]
[EventDate "2019.08.11"]
[EventType "swiss"]
[EventCountry "BEL"]
[SourceTitle "playchess.com"]
[Source "ChessBase"]
[SourceQuality "1"]
[TimeControl "5400+30"]

1. d4 f5 2. Bg5 h6 3. Bh4 g5 4. Bg3 Nf6 5. e3 d6 6. h4 Rg8 7. hxg5 hxg5 8. Bd3 e6 9. Nc3 Qe7 10. Qd2 Nc6 11. O-O-O Bd7 12. Nge2 O-O-O 13. f3 Bg7 14. e4 fxe4 15. Nxe4 Nxe4 16. Bxe4 d5 17. Bd3 $11 Nxd4 18. Nxd4 Bxd4 19. Bh7 Bb6 20. Bxg8 Rxg8 21. Qc3 Be8 22. Qe5 Bg6 23. Rxd5 Qe8 24. Rc5 Bxc5 25. Qxc7# 1-0

[Event "Bruges Masters 2019"]
[Site "Bruges"]
[Date "2019.08.12"]
[Round "3.7"]
[White "Wilschut, Peter"]
[Black "Butzen, Robin"]
[Result "0-1"]
[ECO "A37"]
[WhiteElo "2279"]
[BlackElo "1967"]
[Annotator "NA"]
[PlyCount "94"]
[EventDate "2019.08.11"]
[EventType "swiss"]
[EventCountry "BEL"]
[SourceTitle "playchess.com"]
[Source "ChessBase"]
[SourceQuality "1"]
[TimeControl "5400+30"]

1. c4 c5 2. Nc3 Nc6 3. g3 g6 4. Bg2 Bg7 5. d3 d6 6. Nf3 e5 7. Nd2 Nge7 8. Nf1 O-O 9. Ne3 Rb8 10. h4 h6 11. Ned5 a6 12. a4 Nb4 13. Nxb4 cxb4 14. Nd5 a5 15. h5 g5 16. Nxe7+ Qxe7 17. e4 f5 18. exf5 Bxf5 19. Be3 e4 20. d4 d5 21. c5 b6 22. Rc1 Rfc8 23. cxb6 Rxc1 24. Qxc1 Rxb6 25. Bf1 Bd7 26. Qc7 Qd6 27. Qxd6 Rxd6 28. b3 Bg4 29. Bb5 Rd8 30. Ba6 Kf7 31. O-O Bxh5 32. Rc1 Bf8 33. Bc8 Bd1 34. Rxd1 Rxc8 35. Rc1 Rc3 36. Kf1 Rxb3 37. Rc7+ Ke6 38. Ra7 Ra3 39. Ra6+ Kd7 40. Rxa5 Kc6 41. Ra6+ Kc7 42. Ra5 Ra2 43. Rxd5 b3 44. Rb5 b2 45. Kg2 Ba3 46. d5 Ra1 47. d6+ Kxd6 0-1

[Event "Bruges Masters 2019"]
[Site "Bruges"]
[Date "2019.08.12"]
[Round "3.8"]
[White "Citak, Selim"]
[Black "Olander, Aleksi"]
[Result "0-1"]
[ECO "A60"]
[WhiteElo "2253"]
[BlackElo "2066"]
[Annotator "ChessBase"]
[PlyCount "72"]
[EventDate "2019.08.11"]
[EventType "swiss"]
[EventCountry "BEL"]
[SourceTitle "playchess.com"]
[Source "ChessBase"]
[SourceQuality "1"]
[TimeControl "5400+30"]

1. d4 Nf6 2. c4 c5 3. d5 e6 4. Nc3 exd5 5. cxd5 Bd6 6. g3 O-O 7. Bg2 Re8 8. Nh3 Bf8 9. O-O d6 10. b3 a6 11. a4 Nbd7 12. e4 Rb8 13. Bb2 b5 14. axb5 axb5 15. Qc2 Ne5 16. Nf4 Bg4 17. f3 Bd7 18. Nce2 b4 19. Bxe5 Rxe5 20. Nd3 Re8 21. Nb2 Bb5 22. Rfe1 Qb6 23. Nc4 Bxc4 24. Qxc4 Ra8 25. Nf4 Ra5 26. Rxa5 Qxa5 27. Nd3 Nd7 28. f4 Nb6 29. Qc2 Rc8 30. Nb2 c4 31. bxc4 b3 32. Qf2 Nxc4 33. Rc1 Nxb2 34. Rxc8 Nd3 35. Qd4 b2 36. Rb8 Qa1+ 0-1

[Event "Bruges Masters 2019"]
[Site "Bruges"]
[Date "2019.08.12"]
[Round "3.9"]
[White "Todts, Benny"]
[Black "Tirelli, Mauro"]
[Result "0-1"]
[ECO "B32"]
[WhiteElo "1932"]
[BlackElo "2247"]
[Annotator "NA"]
[PlyCount "68"]
[EventDate "2019.08.11"]
[EventType "swiss"]
[EventCountry "BEL"]
[SourceTitle "playchess.com"]
[Source "ChessBase"]
[SourceQuality "1"]
[TimeControl "5400+30"]

1. e4 c5 2. d4 cxd4 3. Nf3 Nc6 4. Nxd4 e5 5. Nb5 d6 6. N1c3 a6 7. Na3 b5 8. Nd5 Nge7 9. Bg5 h6 10. Bh4 Be6 11. c4 Nd4 12. Bxe7 Bxe7 13. Nxe7 Qxe7 14. cxb5 Qb7 15. Bd3 O-O 16. O-O axb5 17. Nc2 Nc6 18. b3 Qb6 19. Qe2 b4 20. Bc4 Kh7 21. Rfd1 Qc5 22. Bd5 Bxd5 23. Rxd5 Qc3 24. Qd3 Qb2 25. Qd1 Rfd8 26. Rd2 Qc3 27. Ne3 Qc5 28. Rc1 Qb5 29. Rd5 Qb7 30. Rxd6 Rxd6 31. Qxd6 Nd4 32. Rd1 Qxe4 33. Nc4 Rxa2 34. Nxe5 Rd2 0-1

[Event "Bruges Masters 2019"]
[Site "Bruges"]
[Date "2019.08.13"]
[Round "5.1"]
[White "Ortiz Suarez, Isan Reynaldo"]
[Black "Legky, Nikolay A"]
[Result "1/2-1/2"]
[ECO "D13"]
[WhiteElo "2533"]
[BlackElo "2397"]
[Annotator "ChessBase"]
[PlyCount "55"]
[EventDate "2019.08.11"]
[EventType "swiss"]
[EventCountry "BEL"]
[SourceTitle "playchess.com"]
[Source "ChessBase"]
[SourceQuality "1"]
[TimeControl "5400+30"]

1. Nf3 d5 2. g3 c6 3. c4 Nf6 4. Bg2 Bf5 5. O-O e6 6. cxd5 cxd5 7. d4 Nc6 8. Nc3 h6 9. Bf4 Be7 10. Ne5 Rc8 11. Rc1 O-O 12. h3 Qb6 13. g4 Bh7 14. Qd2 Rfd8 15. e3 Nxe5 16. Bxe5 Nd7 17. Bg3 Nf6 18. Rfd1 Rc6 19. f3 Rdc8 20. a3 Qb3 21. Be1 Nd7 22. Qe2 Nb6 23. e4 Bg5 24. Rc2 Nc4 25. Rcc1 Nb6 26. Rb1 Na4 27. h4 Bf4 28. Bf1 1/2-1/2

[Event "Bruges Masters 2019"]
[Site "Bruges"]
[Date "2019.08.13"]
[Round "5.3"]
[White "Mirzoev, Azer"]
[Black "Bekker, Stefan"]
[Result "1-0"]
[ECO "D23"]
[WhiteElo "2474"]
[BlackElo "2272"]
[Annotator "ChessBase"]
[PlyCount "72"]
[EventDate "2019.08.11"]
[EventType "swiss"]
[EventCountry "BEL"]
[SourceTitle "playchess.com"]
[Source "ChessBase"]
[SourceQuality "1"]
[TimeControl "5400+30"]

1. d4 d5 2. c4 dxc4 3. Nf3 Nf6 4. Qa4+ Nbd7 5. g3 a6 6. Qxc4 b5 7. Qc6 Ra7 8. Bg2 Bb7 9. Qc2 Be4 10. Qd1 e6 11. O-O c5 12. Nc3 Ba8 13. Be3 cxd4 14. Bxd4 Bxf3 15. Bxf3 Bc5 16. a4 b4 17. Ne4 Nxe4 18. Bxe4 e5 19. Bxc5 Nxc5 20. Qc2 Rc7 21. Rac1 b3 22. Qc3 O-O 23. Rfd1 Qf6 24. Bd5 Rfc8 25. Qe3 h5 26. Rc4 g6 27. a5 e4 28. Qc3 Qf5 29. h4 Kh7 30. Qe3 Qe5 31. Rc3 Na4 32. Rxc7 Rxc7 33. Bxb3 Nxb2 34. Rd5 Qc3 35. Qxe4 Qxb3 36. Rxh5+ Kg7 1-0

[Event "Bruges Masters 2019"]
[Site "Bruges"]
[Date "2019.08.13"]
[Round "5.4"]
[White "Sterck, Arno"]
[Black "Leenhouts, Koen"]
[Result "1/2-1/2"]
[ECO "D71"]
[WhiteElo "2316"]
[BlackElo "2426"]
[Annotator "ChessBase"]
[PlyCount "103"]
[EventDate "2019.08.11"]
[EventType "swiss"]
[EventCountry "BEL"]
[SourceTitle "playchess.com"]
[Source "ChessBase"]
[SourceQuality "1"]
[TimeControl "5400+30"]

1. d4 Nf6 2. c4 g6 3. g3 c6 4. Bg2 d5 5. Qa4 Nfd7 6. cxd5 Nb6 7. Qd1 cxd5 8. Nc3 Bg7 9. e3 Nc6 10. Nh3 Bxh3 11. Bxh3 O-O 12. O-O e6 13. b3 f5 14. Bg2 g5 15. a4 Rc8 16. a5 Nd7 17. Ba3 Rf6 18. b4 Bf8 19. Qb3 Kh8 20. Rfc1 f4 21. e4 f3 22. Bf1 Bg7 23. Qd1 Nf8 24. e5 Rf7 25. Nb5 Rd7 26. Bb2 g4 27. Nd6 Rb8 28. a6 Bh6 29. axb7 Bxc1 30. Rxc1 Nxb4 31. Rc8 Rxd6 32. exd6 Rxc8 33. bxc8=Q Qxc8 34. Qa4 Nc6 35. Ba6 Qd7 36. Bb5 Qb7 37. Bxc6 Qxb2 38. Bb5 Kg8 39. Qa6 Qb1+ 40. Bf1 Qb6 41. Qa3 Qxd4 42. h3 h5 43. hxg4 h4 44. Qxf3 hxg3 45. Qxg3 Qf6 46. g5 Qf7 47. Bd3 a5 48. Qg4 Qd7 49. g6 Qxd6 50. g7 Qe5 51. gxf8=Q+ Kxf8 52. Bg6 1/2-1/2

[Event "Bruges Masters 2019"]
[Site "Bruges"]
[Date "2019.08.13"]
[Round "5.5"]
[White "Pel, Bonno"]
[Black "Quesada Vera, Liordis"]
[Result "1-0"]
[ECO "A54"]
[WhiteElo "2255"]
[BlackElo "2386"]
[Annotator "ChessBase"]
[PlyCount "137"]
[EventDate "2019.08.11"]
[EventType "swiss"]
[EventCountry "BEL"]
[SourceTitle "playchess.com"]
[Source "ChessBase"]
[SourceQuality "1"]
[TimeControl "5400+30"]

1. g3 d6 2. Bg2 Nd7 3. d4 e5 4. Nf3 c6 5. O-O Ngf6 6. c4 Be7 7. Nc3 O-O 8. Qc2 Re8 9. Rd1 Qc7 10. b3 Bf8 11. Bb2 h6 12. e4 exd4 13. Nxd4 Nc5 14. b4 Ne6 15. Nb3 Ng5 16. h4 Ngh7 17. a3 Ng4 18. Rd2 Ne5 19. Nd1 Bg4 20. Qc3 Nf6 21. f3 Be6 22. Ne3 Nh5 23. Kh2 Nxc4 24. Nxc4 Bxc4 25. Qxc4 d5 26. Qc3 Qxg3+ 27. Kg1 Bd6 28. f4 Qxf4 29. Qh3 Ng3 30. Rf2 Qe3 31. Qg4 Be5 32. Bxe5 Rxe5 33. Nd2 f5 34. exf5 Rxf5 35. Nf3 Ne4 36. Qxf5 Qxf2+ 37. Kh2 Qg3+ 38. Kg1 Qf2+ 39. Kh2 Qg3+ 40. Kg1 Rf8 41. Qe6+ Kh8 42. Rf1 Qf4 43. Qe5 Qe3+ 44. Kh2 Nf6 45. Qxe3 Ng4+ 46. Kg3 Nxe3 47. Re1 Nc2 48. Re7 Rb8 49. Ne5 Nxa3 50. Kf4 Nb5 51. Bh3 Nd4 52. Ng6+ Kh7 53. h5 b6 54. Rxa7 c5 55. Rd7 Ne2+ 56. Ke3 Nc3 57. Bf5 Re8+ 58. Ne7+ Kh8 59. Bg6 Rf8 60. Nf5 cxb4 61. Rxg7 d4+ 62. Kxd4 Rd8+ 63. Kc4 b5+ 64. Kb3 Nd5 65. Rh7+ Kg8 66. Rf7 Kh8 67. Nxh6 Nf6 68. Rxf6 Kg7 69. Ng4 1-0

[Event "Bruges Masters 2019"]
[Site "Bruges"]
[Date "2019.08.13"]
[Round "5.6"]
[White "Goudriaan, Etienne"]
[Black "Faure, Stephane"]
[Result "1-0"]
[ECO "D32"]
[WhiteElo "2341"]
[BlackElo "2045"]
[Annotator "ChessBase"]
[PlyCount "75"]
[EventDate "2019.08.11"]
[EventType "swiss"]
[EventCountry "BEL"]
[SourceTitle "playchess.com"]
[Source "ChessBase"]
[SourceQuality "1"]
[TimeControl "5400+30"]

1. d4 Nf6 2. c4 e6 3. Nc3 d5 4. Nf3 c5 5. cxd5 exd5 6. Bg5 Be6 7. e3 c4 8. Be2 Be7 9. O-O Nc6 10. Ne5 h6 11. Bh4 O-O 12. f4 Na5 13. Bf3 Rb8 14. Qc2 b5 15. a3 Rb6 16. f5 Bc8 17. Bxf6 Bxf6 18. Nxd5 Rd6 19. Nxf6+ Qxf6 20. Be4 Re8 21. Rf4 Qd8 22. Qc3 Nb3 23. Raf1 Nd2 24. Qxd2 Rxe5 25. Qe1 Re8 26. f6 g5 27. Qg3 Ree6 28. h4 Rxf6 29. hxg5 Rxf4 30. Qxf4 Qf8 31. g6 f6 32. Rf3 Kg7 33. g4 Rd7 34. Bf5 a5 35. Rh3 Qh8 36. g5 hxg5 37. Rxh8 gxf4 38. Rh7+ 1-0

[Event "Bruges Masters 2019"]
[Site "Bruges"]
[Date "2019.08.13"]
[Round "5.7"]
[White "Dauw, Sterre"]
[Black "Dgebuadze, Alexandre"]
[Result "0-1"]
[ECO "B76"]
[WhiteElo "2148"]
[BlackElo "2495"]
[Annotator "ChessBase"]
[PlyCount "44"]
[EventDate "2019.08.11"]
[EventType "swiss"]
[EventCountry "BEL"]
[SourceTitle "playchess.com"]
[Source "ChessBase"]
[SourceQuality "1"]
[TimeControl "5400+30"]

1. e4 c5 2. Nf3 d6 3. d4 cxd4 4. Nxd4 Nf6 5. Nc3 g6 6. Be3 Bg7 7. f3 Nc6 8. Qd2 O-O 9. g4 Be6 10. Nxe6 fxe6 11. O-O-O Ne5 12. Be2 Rc8 13. h4 Qa5 14. h5 b5 15. hxg6 b4 16. gxh7+ Nxh7 17. Nb1 Nxf3 18. Bxf3 Rxf3 19. Bd4 e5 20. Be3 Qxa2 21. Qh2 Nf8 22. Bh6 Rb3 0-1

[Event "Bruges Masters 2019"]
[Site "Bruges"]
[Date "2019.08.13"]
[Round "5.8"]
[White "Goossens, Hanne"]
[Black "Jonkman, Harmen"]
[Result "0-1"]
[ECO "C54"]
[WhiteElo "2134"]
[BlackElo "2394"]
[Annotator "ChessBase"]
[PlyCount "110"]
[EventDate "2019.08.11"]
[EventType "swiss"]
[EventCountry "BEL"]
[SourceTitle "playchess.com"]
[Source "ChessBase"]
[SourceQuality "1"]
[TimeControl "5400+30"]

1. e4 e5 2. Nf3 Nc6 3. Bc4 Bc5 4. c3 Nf6 5. d3 a5 6. O-O d6 7. h3 h6 8. Nbd2 O-O 9. Re1 Be6 10. a4 Qb8 11. Nh4 Kh7 12. Qf3 Ng8 13. Nf1 Bxc4 14. dxc4 g6 15. Be3 Qd8 16. Qg3 b6 17. Rad1 Qe8 18. b3 Nge7 19. Kh1 Nd8 20. Bc1 Ne6 21. Ne3 f5 22. Nd5 Nxd5 23. cxd5 f4 24. Qg4 Ng7 25. Kg1 g5 26. Nf3 Kg6 27. c4 Qd8 28. h4 Qc8 29. Qxc8 Raxc8 30. Kf1 g4 31. Nh2 Kh5 32. Ke2 Kxh4 33. Rh1 Kg5 34. f3 h5 35. Bd2 Rf6 36. Bc1 Rcf8 37. Rde1 Rg6 38. Kd3 Kf6 39. Re2 Ke7 40. Bd2 Rh8 41. Be1 g3 42. Nf1 h4 43. Rh3 Ne8 44. Bc3 Nf6 45. Re1 Rh5 46. Nd2 Nh7 47. Reh1 Rgh6 48. Nb1 Ng5 49. Bd2 Nxf3 50. Ke2 Ng5 51. Nc3 Bd4 52. Nb5 Bc5 53. Nc3 f3+ 54. gxf3 Nxh3 55. Kf1 Nf4 0-1

[Event "Bruges Masters 2019"]
[Site "Bruges"]
[Date "2019.08.13"]
[Round "5.9"]
[White "De Jong, Migchiel"]
[Black "Du, Chunhui"]
[Result "0-1"]
[ECO "E16"]
[WhiteElo "2345"]
[BlackElo "2137"]
[Annotator "ChessBase"]
[PlyCount "110"]
[EventDate "2019.08.11"]
[EventType "swiss"]
[EventCountry "BEL"]
[SourceTitle "playchess.com"]
[Source "ChessBase"]
[SourceQuality "1"]
[TimeControl "5400+30"]

1. Nf3 Nf6 2. c4 e6 3. g3 b6 4. Bg2 Bb7 5. d4 Bb4+ 6. Bd2 Qe7 7. O-O Bxd2 8. Qxd2 O-O 9. Nc3 d6 10. d5 e5 11. Nh4 g6 12. Qg5 Kh8 13. f4 Nbd7 14. Bh3 Rae8 15. f5 Ng8 16. Qxe7 Rxe7 17. fxg6 fxg6 18. Nb5 a6 19. Na7 Ndf6 20. b4 Kg7 21. a4 Ra8 22. Nc6 Bxc6 23. dxc6 a5 24. c5 bxc5 25. bxc5 Ra6 26. cxd6 cxd6 27. Rfc1 Rc7 28. Rab1 Raxc6 29. Rxc6 Rxc6 30. Be6 Rc7 31. Rb6 Ne4 32. Ra6 Nc5 33. Rxd6 Nf6 34. Nf3 Nfe4 35. Rb6 Nxa4 36. Rb5 Nac5 37. Bc4 Nd6 38. Rxa5 Nxc4 39. Rb5 Kf6 40. h4 Ne6 41. Kf2 e4 42. Nh2 e3+ 43. Kf1 h5 44. Rd5 Rc5 45. Rd3 Kf5 46. Kg2 Ke4 47. Nf3 Ne5 48. Rd6 Nxf3 49. exf3+ Ke5 50. Rd3 Rc2+ 51. Kg1 e2 52. Re3+ Kd5 53. Kf2 Nd4 54. Re8 Rc1 55. Rd8+ Ke6 0-1

[Event "Bruges Masters 2019"]
[Site "Bruges"]
[Date "2019.08.13"]
[Round "5.11"]
[White "Danneel, Geert"]
[Black "Offringa, Joost"]
[Result "0-1"]
[ECO "B09"]
[WhiteElo "1909"]
[BlackElo "2291"]
[Annotator "ChessBase"]
[PlyCount "54"]
[EventDate "2019.08.11"]
[EventType "swiss"]
[EventCountry "BEL"]
[SourceTitle "playchess.com"]
[Source "ChessBase"]
[SourceQuality "1"]
[TimeControl "5400+30"]

1. e4 d6 2. d4 Nf6 3. Nc3 g6 4. f4 Bg7 5. Nf3 O-O 6. Bd3 Nc6 7. e5 Ng4 8. Qe2 Nb4 9. Bc4 c5 10. dxc5 dxe5 11. fxe5 Bf5 12. O-O Nxe5 13. Bb3 Nxf3+ 14. Qxf3 Nxc2 15. Bxc2 Bxc2 16. Qxb7 Qd4+ 17. Kh1 Qxc5 18. Nd5 e6 19. Nf6+ Bxf6 20. Rxf6 Qe5 21. Rf1 Be4 22. Qe7 Qd5 23. Rg1 Rfc8 24. Bh6 Rc2 25. Qg5 Rxb2 26. Qg3 Rc8 27. Rad1 Rxg2 0-1

[Event "Bruges Masters 2019"]
[Site "Bruges"]
[Date "2019.08.13"]
[Round "5.12"]
[White "Wilschut, Peter"]
[Black "Ouaki, Mark"]
[Result "1-0"]
[ECO "A16"]
[WhiteElo "2279"]
[BlackElo "1939"]
[Annotator "ChessBase"]
[PlyCount "99"]
[EventDate "2019.08.11"]
[EventType "swiss"]
[EventCountry "BEL"]
[SourceTitle "playchess.com"]
[Source "ChessBase"]
[SourceQuality "1"]
[TimeControl "5400+30"]

1. c4 Nf6 2. Nc3 g6 3. g3 Bg7 4. Bg2 c5 5. d3 O-O 6. Bd2 Nc6 7. Qc1 Re8 8. Bh6 Bh8 9. h4 Ng4 10. Bg5 h5 11. f3 Nf6 12. g4 Kh7 13. Nh3 d6 14. Nf4 Nxg4 15. fxg4 Bxg4 16. Nh3 Qd7 17. Nf2 Nd4 18. Qd2 Qe6 19. O-O-O Nxe2+ 20. Nxe2 Qxe2 21. Qxe2 Bxe2 22. Rde1 f6 23. Bd2 Bg4 24. Nxg4 hxg4 25. Bxb7 Rab8 26. Bc6 e5 27. Bxe8 Rxe8 28. h5 g5 29. Rhg1 f5 30. Bxg5 Rg8 31. Be7 f4 32. Bxd6 f3 33. Bxc5 Bf6 34. Bf2 Bg5+ 35. Kc2 Bf4 36. c5 g3 37. Bxg3 Bxg3 38. Ref1 f2 39. Rxg3 Rxg3 40. Rxf2 Rg5 41. b4 Rxh5 42. Rf7+ Kg6 43. Rxa7 Kf5 44. b5 Ke6 45. b6 Rh8 46. Rc7 e4 47. dxe4 Rb8 48. b7 Ke5 49. c6 Kd6 50. Rc8 1-0